[ AOE2 MATCH · #480522402 ]
UnrankedGoths vs Persians
[ REPLAY ANALYSIS · EXTRACTED FROM THE RECORDED GAME ]
Feudal
—
Castle
—
Imperial
—
| APM avg | 37.1 |
| APM peak | 56 |
| eAPM avg | 8.6 |
| Villagers / military | 24 / 0 |
Focus
⚔️ 0.0% · 🌾 100.0%
Feudal
—
Castle
—
Imperial
—
| APM avg | 30.7 |
| APM peak | 40 |
| eAPM avg | 13.8 |
| Villagers / military | 30 / 0 |
Focus
⚔️ 8.7% · 🌾 91.3%
Feudal
—
Castle
—
Imperial
—
| APM avg | 12.2 |
| APM peak | 25 |
| eAPM avg | 5.6 |
| Villagers / military | 18 / 0 |
Focus
⚔️ 0.0% · 🌾 100.0%
Feudal
—
Castle
—
Imperial
—
| APM avg | 51.2 |
| APM peak | 120 |
| eAPM avg | 9.3 |
| Villagers / military | 15 / 0 |
Focus
⚔️ 10.6% · 🌾 89.4%
Feudal
—
Castle
—
Imperial
—
| APM avg | 16.6 |
| APM peak | 32 |
| eAPM avg | 8.9 |
| Villagers / military | 25 / 0 |
Focus
⚔️ 10.8% · 🌾 89.2%
Feudal
—
Castle
—
Imperial
—
| APM avg | 24.5 |
| APM peak | 36 |
| eAPM avg | 6.5 |
| Villagers / military | 27 / 0 |
Focus
⚔️ 4.4% · 🌾 95.6%
Match map
Initial resources + every placement click. Lines = walls · curves = elevation contours. ◆ gold · ⬟ stone · ● berries · ✦ relic · ◌ wall gap
Your base
Eu sou Coringa's base
Sharknado's base
Twixxo's base
KINGGEEDORAH's base
Dr Mortis9843's base
Smoothed initial terrain · ◌ = detected wall gap · hover for details
Inputs per minute
— LiPiou - - Eu sou Coringa
Build order — LiPiou
32 actions detected in the replay
| 0:01 | Create | Villager (Male) |
| 0:01 | Create | Villager (Male) |
| 0:01 | Create | Villager (Male) |
| 0:02 | Create | Villager (Male) |
| 0:02 | Create | Villager (Male) |
| 0:04 | Build | House |
| 0:05 | Build | House |
| 1:46 | Create | Villager (Male) |
| 1:46 | Create | Villager (Male) |
| 2:04 | Create | Villager (Male) |
| 2:14 | Create | Villager (Male) |
| 2:47 | Create | Villager (Male) |
| 3:04 | Create | Villager (Male) |
| 3:08 | Build | House |
| 3:12 | Build | House |
| 3:35 | Create | Villager (Male) |
| 3:35 | Create | Villager (Male) |
| 3:35 | Create | Villager (Male) |
| 3:57 | Build | Mill |
| 4:11 | Create | Villager (Male) |
| 4:11 | Create | Villager (Male) |
| 4:12 | Create | Villager (Male) |
| 4:53 | Build | Lumber Camp |
| 4:58 | Create | Villager (Male) |
| 5:39 | Create | Villager (Male) |
| 5:40 | Create | Villager (Male) |
| 5:53 | Create | Villager (Male) |
| 5:54 | Create | Villager (Male) |
| 6:26 | Create | Villager (Male) |
| 6:37 | Build | Farm |
| 7:17 | Build | Farm |
| 7:51 | Create | Villager (Male) |
Build order — Eu sou Coringa
38 actions detected in the replay
| 0:02 | Create | Villager (Male) |
| 0:03 | Create | Villager (Male) |
| 0:03 | Create | Villager (Male) |
| 0:03 | Create | Villager (Male) |
| 0:07 | Build | House |
| 0:11 | Build | House |
| 0:16 | Create | Villager (Male) |
| 0:16 | Create | Villager (Male) |
| 1:40 | Create | Villager (Male) |
| 1:40 | Create | Villager (Male) |
| 1:41 | Create | Villager (Male) |
| 3:00 | Create | Villager (Male) |
| 3:00 | Create | Villager (Male) |
| 3:01 | Create | Villager (Male) |
| 3:01 | Create | Villager (Male) |
| 3:54 | Build | House |
| 3:56 | Build | House |
| 3:58 | Build | House |
| 4:07 | Create | Villager (Male) |
| 4:07 | Create | Villager (Male) |
| 4:07 | Create | Villager (Male) |
| 4:08 | Create | Villager (Male) |
| 4:08 | Create | Villager (Male) |
| 4:49 | Build | Mill |
| 5:23 | Create | Villager (Male) |
| 5:23 | Create | Villager (Male) |
| 5:23 | Create | Villager (Male) |
| 5:24 | Create | Villager (Male) |
| 6:29 | Build | Lumber Camp |
| 7:04 | Create | Villager (Male) |
| 7:04 | Create | Villager (Male) |
| 7:04 | Create | Villager (Male) |
| 7:29 | Create | Villager (Male) |
| 7:29 | Create | Villager (Male) |
| 7:29 | Create | Villager (Male) |
| 7:30 | Create | Villager (Male) |
| 7:30 | Create | Villager (Male) |
| 7:55 | Build | Farm |
Build order — Sharknado
23 actions detected in the replay
| 0:07 | Build | House |
| 0:09 | Build | House |
| 0:11 | Build | House |
| 0:44 | Create | Villager (Male) |
| 0:44 | Create | Villager (Male) |
| 0:44 | Create | Villager (Male) |
| 1:03 | Research | Loom |
| 1:03 | Create | Villager (Male) |
| 1:52 | Create | Villager (Male) |
| 3:13 | Create | Villager (Male) |
| 3:28 | Create | Villager (Male) |
| 4:50 | Create | Villager (Male) |
| 4:52 | Create | Villager (Male) |
| 5:45 | Create | Villager (Male) |
| 5:47 | Create | Villager (Male) |
| 6:30 | Build | Mill |
| 6:31 | Create | Villager (Male) |
| 6:31 | Create | Villager (Male) |
| 6:32 | Create | Villager (Male) |
| 6:49 | Create | Villager (Male) |
| 6:50 | Create | Villager (Male) |
| 8:22 | Create | Villager (Male) |
| 8:24 | Create | Villager (Male) |
Build order — Twixxo
22 actions detected in the replay
| 0:01 | Create | Villager (Male) |
| 0:04 | Build | House |
| 0:11 | Create | Villager (Male) |
| 0:12 | Research | Loom |
| 0:13 | Create | Villager (Male) |
| 0:16 | Create | Villager (Male) |
| 0:24 | Build | House |
| 1:00 | Create | Villager (Male) |
| 1:42 | Create | Villager (Male) |
| 2:03 | Create | Villager (Male) |
| 3:04 | Create | Villager (Male) |
| 3:09 | Build | House |
| 3:12 | Build | House |
| 3:16 | Create | Villager (Male) |
| 3:51 | Create | Villager (Male) |
| 4:03 | Create | Villager (Male) |
| 5:13 | Create | Villager (Male) |
| 5:26 | Build | Mill |
| 6:33 | Create | Villager (Male) |
| 6:44 | Create | Villager (Male) |
| 6:49 | Create | Villager (Male) |
| 7:31 | Build | Palisade Wall |
Build order — KINGGEEDORAH
15 actions detected in the replay
| 0:05 | Research | Loom |
| 0:05 | Create | Villager (Male) ×4 |
| 0:05 | Create | Villager (Male) ×4 |
| 1:09 | Build | House |
| 1:12 | Build | House |
| 3:24 | Create | Villager (Male) |
| 3:24 | Create | Villager (Male) |
| 3:25 | Create | Villager (Male) |
| 4:06 | Build | Palisade Wall |
| 6:05 | Create | Villager (Male) ×4 |
| 6:06 | Create | Villager (Male) ×4 |
| 6:36 | Create | Villager (Male) |
| 6:37 | Create | Villager (Male) |
| 7:45 | Create | Villager (Male) ×2 |
| 7:45 | Create | Villager (Male) ×2 |
Build order — Dr Mortis9843
30 actions detected in the replay
| 0:14 | Create | Villager (Male) |
| 0:15 | Create | Villager (Male) |
| 0:15 | Create | Villager (Male) |
| 0:15 | Create | Villager (Male) |
| 0:16 | Create | Villager (Male) |
| 0:16 | Create | Villager (Male) |
| 0:16 | Research | Loom |
| 2:00 | Create | Villager (Male) |
| 2:00 | Create | Villager (Male) |
| 2:33 | Create | Villager (Male) |
| 2:33 | Create | Villager (Male) |
| 2:33 | Create | Villager (Male) |
| 3:31 | Create | Villager (Male) |
| 3:32 | Create | Villager (Male) |
| 3:32 | Create | Villager (Male) |
| 3:32 | Create | Villager (Male) |
| 5:00 | Create | Villager (Male) |
| 5:00 | Create | Villager (Male) |
| 5:10 | Create | Villager (Male) |
| 5:10 | Create | Villager (Male) |
| 5:11 | Create | Villager (Male) |
| 5:17 | Build | Lumber Camp |
| 6:12 | Create | Villager (Male) |
| 6:12 | Create | Villager (Male) |
| 6:34 | Create | Villager (Male) |
| 6:35 | Create | Villager (Male) |
| 7:27 | Create | Villager (Male) |
| 7:27 | Create | Villager (Male) |
| 7:28 | Create | Villager (Male) |
| 8:01 | Build | Palisade Wall |
Match timeline
| 4:06 | KINGGEEDORAH · wall_segment Palisade Wall x21 |
| 7:31 | Twixxo · wall_segment Palisade Wall x29 |
| 7:58 | Twixxo · resign |
| 8:01 | Dr Mortis9843 · wall_segment Palisade Wall x3 |
[ AI ANALYSIS · 1 CREDIT ]
What really happened in this match?
Wolo.gg analyzes every decision: build order, eco, micro, common mistakes by bracket. Personalized analysis on WhatsApp or Discord in 30 seconds.
Civ guide
Goths
Perfil
Jugador #24695315